 Dungeon Crawl Stone Soup version 0.22.1-2-g9c5b331 (webtiles) character file.

647258 HoaS the Conqueror (level 27, -13/214 HPs)
             Began as a Gargoyle Berserker on Oct 27, 2018.
             Was the Champion of Trog.
             Killed from afar by a purple draconian (20 damage)
             ... with a bolt of dispelling energy
             ... on level 5 of the Realm of Zot on Dec 15, 2018.
             The game lasted 05:28:28 (57825 turns).

HoaS the Conqueror (Gargoyle Berserker)            Turns: 57825, Time: 05:28:29

Health: -13/214    AC: 56    Str: 31    XL:     27
Magic:  24/24      EV: 13    Int: 12    God:    Trog [******]
Gold:   3983       SH:  0    Dex:  9    Spells: 26/26 levels left

rFire    . . .     SeeInvis .     - Unarmed
rCold    . . .     Gourm    .   (no shield)
rNeg     + . .     Faith    .   t - +0 shadow dragon scales
rPois    ∞         Spirit   .   c - +2 helmet "Liluanoc" {+Blink MR+ Regen+}
rElec    +         Reflect  .   g - +2 cloak
rCorr    +         Harm     .   A - +2 pair of gloves
MR       +++++                  a - +2 pair of boots
Stlth    +++++++...             d - amulet of Vitality {Regen+ HP+15}
HPRegen  2.25/turn              D - ring "Vonawk" {rCorr Slay+2 Stlth+}
MPRegen  0.19/turn              x - ring "Pujemuq" {MR+ Int+3 Slay+3 Stlth+}

@: flying, regenerating
A: big wings, clumsy 1, low mp 1, negative energy resistance 1, electricity
resistance, unbreathing, petrification resistance, no potion heal 1, rot
immunity, subdued magic 1, AC +20
}: 3/15 runes: decaying, silver, gossamer
a: Stop Flying, Berserk, Trog's Hand, Brothers in Arms, Renounce Religion, Evoke
Blink


You were on level 5 of the Realm of Zot.
You worshipped Trog.
Trog was exalted by your worship.
You were near starving.

You visited 9 branches of the dungeon, and saw 49 of its levels.
You visited the Abyss 1 time.
You also visited: Ice Cave.

You collected 7016 gold pieces.
You spent 3033 gold pieces at shops.

Inventory:

Hand Weapons
 w - the +10 arbalest of Beyond {velocity, rPois rN+ Dex+3}
   (Trog gifted it to you on level 1 of the Elven Halls)

   Any bolt fired from it inflicts extra damage.
   It affects your dexterity (+3).
   It protects you from poison.
   It protects you from negative energy.
Missiles
 F - 2372 bolts
Armour
 a - a +2 pair of boots (worn)
 c - the +2 helmet "Liluanoc" (worn) {+Blink MR+ Regen+}
   (You found it on level 6 of the Lair of Beasts)

   It affects your resistance to hostile enchantments.
   It lets you blink.
   It increases your rate of regeneration.
 g - a +2 cloak (worn)
 q - +0 gold dragon scales
 s - a scarf of cloud immunity
 t - +0 shadow dragon scales (worn)
 A - a +2 pair of gloves (worn)
Jewellery
 d - the amulet of Vitality (around neck) {Regen+ HP+15}
   (You bought it in a shop on level 2 of the Elven Halls)

   [amulet of regeneration]

   It affects your health (+15).
   It increases your rate of regeneration.
 x - the ring "Pujemuq" (right hand) {MR+ Int+3 Slay+3 Stlth+}
   (You took it off a spriggan rider on level 4 of the Depths)

   [ring of protection from magic]

   It affects your intelligence (+3).
   It affects your accuracy and damage with ranged weapons and melee attacks
   (+3).
   It affects your resistance to hostile enchantments.
   It makes you more stealthy.
 C - a +4 ring of evasion
 D - the ring "Vonawk" (left hand) {rCorr Slay+2 Stlth+}
   (You found it on level 4 of the Depths)

   [ring of resist corrosion]

   It affects your accuracy and damage with ranged weapons and melee attacks
   (+2).
   It makes you more stealthy.
 H - an uncursed ring of protection from magic
 K - an uncursed ring of positive energy
 U - an uncursed ring of protection from magic
Scrolls
 f - 4 scrolls of fear
 h - 23 scrolls of teleportation
 o - 8 scrolls of identify
 r - 8 scrolls of blinking
 u - 30 scrolls of remove curse
 v - 7 scrolls of fog
 y - a scroll of holy word
 B - 8 scrolls of magic mapping
 E - 2 scrolls of silence
 G - 4 scrolls of enchant weapon
 R - 3 scrolls of summoning
Potions
 e - 5 potions of berserk rage
 i - 5 potions of lignification
 j - 3 potions of mutation
 k - 10 potions of curing
 l - a potion of heal wounds
 m - 2 potions of cancellation
 n - 7 potions of agility
 z - a potion of haste
 J - a potion of invisibility
 M - 5 potions of resistance
 O - 5 potions of might
 Q - 7 potions of ambrosia
Comestibles
 b - 78 rations


   Skills:
 O Level 27 Fighting
 - Level 18.0 Crossbows
 * Level 21.9 Armour
 + Level 7.1 Dodging
 - Level 10.4 Stealth
 O Level 27 Unarmed Combat
 - Level 6.2 Evocations


You had 26 spell levels left.
You didn't know any spells.
Your spell library was empty.

Dungeon Overview and Level Annotations

Branches:
Dungeon (15/15)            Temple (0/1) D:4            Lair (6/6) D:10
  Swamp (4/4) Lair:3       Spider (4/4) Lair:4        Slime (0/5) Lair:5
    Orc (2/2) D:11            Elf (3/3) Orc:2        Vaults (5/5) D:14
  Crypt (0/3) Vaults:3     Depths (5/5) D:15            Zot (5/5) Depths:5

Altars:
Ashenzari
Cheibriados
Elyvilon
Fedhas
Gozag
Hepliaklqana
Makhleb
Nemelex Xobeh
Okawaru
Qazlal
Ru
Sif Muna
Trog
Vehumet
Wu Jian
Xom
Zin
The Shining One
Beogh
Lugonu

Shops:
D:10 (}   D:13 }   D:15 (   Orc:2 ([:   Elf:1 [*   Elf:2 =   Depths:2 }}=

Portals:
Hell: Depths:1 Depths:2 Depths:3 Depths:4 Depths:5
Abyss: Depths:4
Pandemonium: Depths:3
Ziggurat: Depths:2
Trove: D:15 (give horn of Geryon)

Annotations:
Depths:5 1 runed door


Innate Abilities, Weirdness & Mutations

You are resistant to torment.
Your stone body is resilient. (AC +20)
You are immune to poison.
Your large and strong wings let you fly indefinitely.
You resist negative energy. (rN+)
You are resistant to electric shocks. (rElec)
You can survive without breathing.
You are immune to petrification.
You are immune to rotting.
You are clumsy. (Dex -2)
Your magical capacity is low. (-10% MP)
Potions are less effective at restoring your health.
Your spells are a little easier to cast, but a little less powerful.


Message History

The bolt of lightning hits the black draconian shifter.
The black draconian shifter completely resists.
The black draconian shifter hits you but does no damage.
You shred the net and break free!
An orb of fire comes into view.
Your cyclops closely misses the purple draconian.
The yellow draconian shifter hits you but does no damage.
The black draconian hits you but does no damage.
The purple draconian hits you but does no damage.
The purple draconian hits your cyclops with a hand axe.
The white draconian closely misses you.
The black draconian shifter hits you but does no damage.
The black draconian completely misses you.
The black draconian hits your cyclops with a hand axe!!
Your cyclops closely misses the purple draconian.
The yellow draconian shifter hits you but does no damage.
The purple draconian breathes dispelling energy at you.
The bolt of dispelling energy hits you!
You feel strangely stable.
You die...

#.............#
##...........##
#...........# .
##...........# ..
#.............
...
##d............
.q..
##.d............
q(.(d
###ddq###########
...(d§##*Cq@##
.......)d.###
▓▓▓▓▓▓▓▓▓▓#


You could see an orb of fire, 3 draconians, a purple draconian, a white
draconian, 2 draconians and a friendly cyclops (berserk).

Vanquished Creatures
  3 orbs of fire
  3 ancient liches (Vaults:5)
  3 greater mummies (Depths:3)
  Sojobo (Depths:4)
  A curse toe (Zot:3)
  Margery (Depths:4)
  the Lernaean hydra (Swamp:3)
  Frederick (Depths:4)
  Xtahua (Depths:3)
  A caustic shrike (Depths:4)
  8 golden dragons
  Jory (Depths:3)
  Arachne (Spider:2)
  An electric golem (Zot:1)
  7 Orb Guardians (Zot:5)
  An Ice Fiend (IceCv)
  23 tentacled monstrosities
  Asterion (Depths:2)
  8 quicksilver dragons
  2 deep elf master archers (Elf:3)
  A lich (Depths:3)
  9 sphinxes
  10 death cobs
  4 titans
  A thorn hunter (Swamp:4)
  Gastronok (Lair:2)
  2 ancient champions (Depths:4)
  Frances (D:14)
  7 storm dragons
  5 draconian monks
  10 shadow dragons
  8 tengu reavers
  A balrug (Depths:3)
  5 frost giants
  11 fire giants
  A daeva (D:13)
  7 draconian knights
  3 iron dragons
  8 emperor scorpions
  5 deep elf sorcerers
  2 orc warlords
  8 draconian scorchers
  19 vault wardens
  5 draconian shifters
  7 deep elf elementalists
  7 ghost moths
  4 draconian stormcallers
  4 spriggan defenders
  7 draconian annihilators
  21 very ugly things
  16 ironheart preservers
  16 stone giants
  5 entropy weavers
  14 green draconians
  2 vampire knights (Depths:2)
  10 deep elf annihilators
  17 black draconians
  12 yellow draconians
  8 deep elf demonologists
  6 spark wasps
  14 red draconians
  Azrael (Elf:2)
  2 pale draconians (Depths:5)
  The ghost of Ishrid the Fighter, a journeyman MiBe of Trog (Lair:4)
  6 white draconians
  A spark wasp (shapeshifter) (Vaults:5)
  5 purple draconians
  13 deep elf death magi
  10 ettins
  2 mummy priests (Depths:3)
  22 yaktaur captains
  A quicksilver dragon zombie (Vaults:5)
  4 deep elf high priests
  8 fire dragons
  3 great orbs of eyes
  Josephine (Lair:4)
  Fannar (D:11)
  4 rakshasas
  11 ice dragons
  3 spriggan air magi (Depths:5)
  28 vault guards
  An anaconda (Lair:4)
  24 hydras
  An anaconda (shapeshifter) (Vaults:5)
  A catoblepas (Elf:1)
  8 centaur warriors
  Erica (D:9)
  63 two-headed ogres
  24 dancing weapons
  9 alligators
  A death yak (D:11)
  3 death knights
  An orc high priest (Depths:4)
  8 deep troll shamans
  5 deep troll earth magi
  9 tengu warriors
  16 ogre magi
  Urug (Lair:6)
  27 hell knights
  2 spriggan berserkers
  Nergalle (Lair:4)
  A naga sharpshooter (Depths:4)
  21 deep elf knights
  5 spriggans
  A soul eater (Depths:3)
  7 unseen horrors
  3 iron trolls
  5 shadow wraiths
  13 skeletal warriors
  A swamp dragon (shapeshifter) (Depths:3)
  32 deep trolls
  5 flayed ghosts
  3 glowing orange brains
  A spriggan druid (Swamp:4)
  13 swamp dragons
  2 shambling mangroves
  6 wizards
  2 harpies (Elf:1)
  6 phantasmal warriors
  16 ironbrand convokers
  2 orb spiders (shapeshifter)
  3 wolf spider zombies
  Pikel (D:7)
  9 necromancers
  27 orb spiders
  14 orc knights
  57 deep elf magi
  A harpy (shapeshifter) (D:15)
  2 orc sorcerers
  12 deep elf archers
  50 ugly things
  A tengu skeleton (Vaults:3)
  A cyclops (shapeshifter) (Depths:4)
  11 manticores
  A shining eye (shapeshifter) (Vaults:5)
  30 wolf spiders
  11 cyclopes
  8 large abominations
  19 moths of wrath
  A sphinx skeleton (Vaults:3)
  15 vault sentinels
  Maurice (D:9)
  2 black mambas (shapeshifter)
  2 guardian serpents (shapeshifter)
  5 elephants (Lair:6)
  2 frost giant skeletons (Vaults:3)
  2 guardian serpents (Depths:4)
  6 black mambas
  An ice statue (IceCv)
  An orange demon (Depths:3)
  Psyche (D:9)
  A storm dragon simulacrum (Vaults:2)
  A fire giant skeleton (Vaults:3)
  2 torpor snails
  10 spiny frogs
  11 demonic crawlers
  5 rime drakes
  6 komodo dragons
  3 centaur skeletons
  64 yaktaurs
  2 efreet (D:15)
  A yaktaur (shapeshifter) (Vaults:4)
  17 freezing wraiths
  5 anaconda simulacra (IceCv)
  4 ice devils (IceCv)
  A red devil (Depths:3)
  A yaktaur skeleton (Vaults:3)
  3 tengu conjurers
  34 jumping spiders
  2 guardian mummies (D:15)
  A meliai (shapeshifter) (Vaults:4)
  2 golden dragon simulacra (IceCv)
  A wind drake (shapeshifter) (Vaults:3)
  A troll (shapeshifter) (Depths:1)
  17 trolls
  A merfolk (shapeshifter) (Vaults:5)
  10 hornets
  A polar bear (shapeshifter) (Vaults:2)
  5 tyrant leeches
  15 polar bears
  A stone giant simulacrum (Vaults:2)
  An ettin zombie (Vaults:5)
  11 bog bodies
  34 slime creatures
  8 dream sheep (Lair:4)
  6 hippogriffs
  A dream sheep (shapeshifter) (Vaults:4)
  A fire giant simulacrum (Vaults:2)
  22 blink frogs
  2 air elementals (Elf:1)
  An ettin skeleton (Vaults:3)
  7 shadows
  26 tarantellas
  2 tarantellas (shapeshifter)
  A wyvern (shapeshifter) (Vaults:1)
  65 redbacks
  A spriggan (shapeshifter) (Vaults:4)
  13 water elementals
  2 wyverns
  12 wraiths
  A dire elephant simulacrum (IceCv)
  2 hogs (D:7)
  38 yaks
  2 vampires
  8 fire elementals
  A human (D:7)
  6 basilisks
  A fire bat (D:12)
  4 steam dragons
  A hungry ghost (D:8)
  16 vampire mosquitoes
  2 humans (shapeshifter)
  A neqoxec (Depths:3)
  A death yak simulacrum (IceCv)
  2 yaktaur simulacra
  13 wargs
  A harpy simulacrum (IceCv)
  A deep troll zombie (Vaults:5)
  8 insubstantial wisps
  5 iron troll simulacra (IceCv)
  3 nagas (Depths:4)
  2 soldier ants
  19 swamp worms
  7 acid dragons
  25 hell hounds
  3 deep troll skeletons
  14 water moccasins
  A hydra simulacrum (IceCv)
  8 porcupines
  A floating eye (shapeshifter) (Depths:4)
  2 floating eyes (Depths:4)
  36 orc warriors
  18 swamp drakes
  4 sky beasts
  2 alligator simulacra (IceCv)
  2 phantoms
  5 ice beasts
  A hornet zombie (D:11)
  24 wolves
  2 necrophages
  17 black bears
  7 small abominations (Elf:2)
  49 ogres
  3 boggarts (Vaults:1)
  27 centaurs
  15 crocodiles
  A big kobold (shapeshifter) (Vaults:3)
  2 big kobolds (D:11)
  3 human skeletons
  2 wyvern zombies
  18 bullfrogs
  An earth elemental (Elf:2)
  7 gnoll sergeants
  An elephant simulacrum (IceCv)
  A swamp dragon simulacrum (IceCv)
  6 scorpions
  22 killer bees
  11 wights
  3 electric eels
  5 howler monkeys
  3 crimson imps
  3 quasits (Depths:3)
  5 centaur zombies
  18 orc priests
  4 bullfrog skeletons
  2 draconian simulacra (IceCv)
  3 jellies
  8 hounds
  21 orc wizards
  A water moccasin simulacrum (D:11)
  2 iron imps
  9 iguanas
  16 worker ants
  2 troll simulacra (IceCv)
  3 spriggan simulacra (IceCv)
  4 centaur simulacra
  A hound zombie (D:8)
  A mummy (D:14)
  A howler monkey skeleton (D:5)
  7 gnolls
  12 adders
  2 naga simulacra (IceCv)
  4 ogre simulacra (IceCv)
  5 shadow imps
  15 white imps
  6 ufetubi
  An adder skeleton (D:4)
  An adder zombie (D:10)
  2 worms
  2 dart slugs (D:1)
  2 leopard geckos
  76 orcs
  5 giant cockroaches
  7 goblins
  6 hobgoblins
  7 jackals
  5 quokkas
  A ball python (D:1)
  16 bats
  3 frilled lizards
  8 kobolds
  A leopard gecko zombie (D:7)
  6 rats
  2 crawling corpses (Depths:5)
  A fungus (D:6)
  A plant (Lair:6)
2397 creatures vanquished.

Vanquished Creatures (collateral kills)
  An ancient lich (Zot:5)
  Saint Roka (Vaults:2)
  A golden dragon (Zot:5)
  2 tentacled monstrosities (Zot:5)
  A frost giant (Vaults:2)
  A vault warden (Vaults:1)
  2 ironheart preservers
  A stone giant (Vaults:3)
  A black draconian (Zot:5)
  A rakshasa (Vaults:3)
  A yaktaur captain (Vaults:1)
  2 ogre magi (Vaults:1)
  3 two-headed ogres (Vaults:1)
  3 hell knights (Depths:1)
  An orc knight (Vaults:2)
  2 ironbrand convokers
  4 yaktaurs
  A warg (Vaults:2)
  2 orc warriors (Vaults:2)
  An ogre (Vaults:1)
  2 orc priests (Vaults:2)
  An orc wizard (Vaults:2)
  5 orcs (Vaults:2)
40 creatures vanquished.

Vanquished Creatures (others)
  A draconian scorcher (Zot:1)
  A centaur warrior (D:15)
  A deep elf knight (Elf:1)
  A jumping spider (Spider:1)
  A redback (Spider:4)
  A tarantella (Spider:1)
  A warg (Vaults:2)
  An acid dragon (Lair:6)
  A slave (D:7)
  A crocodile (Lair:6)
  A bullfrog (D:7)
  An orc wizard (Orc:2)
  A white imp (IceCv)
  3 ufetubi (IceCv)
  An orc (D:15)
  5 fungi
  18 plants
40 creatures vanquished.

Grand Total: 2477 creatures vanquished

Notes
Turn   | Place    | Note
-------+----------+-------------------------------------------
     0 | D:1      | HoaS the Gargoyle Berserker began the quest for the Orb.
     0 | D:1      | Reached XP level 1. HP: 14/14 MP: 1/1
   354 | D:1      | Reached XP level 2. HP: 15/19 MP: 2/2
   649 | D:1      | Reached XP level 3. HP: 10/23 MP: 3/3
  1444 | D:2      | Reached XP level 4. HP: 29/29 MP: 4/4
  1493 | D:2      | Reached ** piety under Trog
  1723 | D:3      | Found a bloodstained altar of Trog.
  1987 | D:3      | Found a shattered altar of Ashenzari.
  2010 | D:3      | Reached XP level 5. HP: 20/33 MP: 5/5
  2474 | D:4      | Noticed an ogre
  2479 | D:4      | Killed an ogre
  2479 | D:4      | Reached skill level 5 in Unarmed Combat
  2479 | D:4      | Reached XP level 6. HP: 39/39 MP: 6/6
  2676 | D:4      | Found a glowing silver altar of Zin.
  2726 | D:4      | Reached skill level 5 in Fighting
  2726 | D:4      | Reached XP level 7. HP: 34/44 MP: 7/7
  2831 | D:4      | Found a glowing golden altar of the Shining One.
  2945 | D:4      | Reached *** piety under Trog
  3167 | D:4      | Found a staircase to the Ecumenical Temple.
  3379 | D:5      | Entered Level 5 of the Dungeon
  3545 | D:5      | Noticed a troll
  3557 | D:5      | Killed a troll
  3557 | D:5      | Reached skill level 5 in Armour
  3688 | D:5      | Reached XP level 8. HP: 30/51 MP: 8/8
  4594 | D:6      | Found an ornate altar of the Wu Jian Council.
  4618 | D:6      | Found a snail-covered altar of Cheibriados.
  4952 | D:7      | Noticed a troll
  5077 | D:7      | Killed a troll
  5085 | D:7      | Reached XP level 9. HP: 9/57 MP: 9/9
  5595 | D:7      | Noticed Pikel
  5611 | D:7      | Killed Pikel
  5612 | D:7      | Reached **** piety under Trog
  5678 | D:7      | Reached XP level 10. HP: 29/66 MP: 10/10
  5914 | D:7      | Reached skill level 10 in Unarmed Combat
  6412 | D:8      | Reached skill level 10 in Fighting
  6696 | D:8      | Found a sacrificial altar of Ru.
  6698 | D:8      | Found a blossoming altar of Fedhas.
  7035 | D:8      | Paralysed by fainting for 11 turns
  7056 | D:9      | Found an iron altar of Okawaru.
  7217 | D:9      | Noticed Maurice
  7223 | D:9      | Killed Maurice
  7236 | D:9      | Noticed Psyche
  7255 | D:9      | Killed Psyche
  7275 | D:9      | Noticed a two-headed ogre
  7304 | D:9      | Killed a two-headed ogre
  7304 | D:9      | Reached XP level 11. HP: 72/74 MP: 11/11
  7386 | D:9      | Noticed Erica
  7397 | D:9      | Killed Erica
  7848 | D:10     | Entered Level 10 of the Dungeon
  7899 | D:10     | Noticed a two-headed ogre
  7911 | D:10     | Killed a two-headed ogre
  8031 | D:10     | Received a gift from Trog
  8655 | D:10     | Noticed an unseen horror
  8669 | D:10     | Killed an unseen horror
  8707 | D:10     | Found a staircase to the Lair.
  8781 | D:10     | Reached ***** piety under Trog
  8803 | D:10     | Found Ezxif's Weapon Boutique.
  8978 | D:10     | Found Neeruxt's Gadget Shoppe.
  9230 | D:11     | Killed an unseen horror
  9253 | D:11     | Found a staircase to the Orcish Mines.
  9301 | D:11     | Reached XP level 12. HP: 76/82 MP: 12/12
  9382 | D:11     | Found a burning altar of Makhleb.
  9540 | D:11     | Reached skill level 10 in Armour
  9695 | D:11     | Received a gift from Trog
  9833 | D:11     | Noticed a death yak
  9854 | D:11     | Killed a death yak
  9957 | D:11     | Noticed a two-headed ogre
  9965 | D:11     | Killed a two-headed ogre
  9971 | D:11     | Noticed Fannar
 10001 | D:11     | Killed Fannar
 10279 | D:12     | Found a runed door.
 10302 | D:12     | Found a deep blue altar of Sif Muna.
 10315 | D:12     | Found a burning altar of Makhleb.
 10334 | D:12     | Found an opulent altar of Gozag.
 10344 | D:12     | Found a shimmering altar of Xom.
 10401 | D:12     | Found a sacrificial altar of Ru.
 10437 | D:12     | Found a white marble altar of Elyvilon.
 11466 | Lair:1   | Entered Level 1 of the Lair of Beasts
 11593 | Lair:1   | Reached XP level 13. HP: 71/90 MP: 13/13
 11977 | Lair:1   | Received a gift from Trog
 12319 | Lair:2   | Found a sparkling altar of Nemelex Xobeh.
 12405 | Lair:2   | You fall through a shaft!
 12470 | Lair:3   | Found a labyrinth entrance.
 13051 | Lair:2   | Noticed Gastronok
 13065 | Lair:2   | Killed Gastronok
 14097 | Lair:3   | Found a staircase to the Swamp.
 14459 | Lair:4   | Reached skill level 15 in Unarmed Combat
 14497 | Lair:4   | Found a transporter.
 14500 | Lair:4   | Noticed Nergalle
 14526 | Lair:4   | Killed Nergalle
 14526 | Lair:4   | Reached skill level 15 in Fighting
 14543 | Lair:4   | Noticed Ishrid's ghost (journeyman MiBe)
 14781 | Lair:4   | Gained mutation: Your large and strong wings let you fly
                  | indefinitely. [Gargoyle growth]
 14781 | Lair:4   | Reached XP level 14. HP: 84/98 MP: 14/14
 14815 | Lair:4   | Found a hole to the Spider Nest.
 14837 | Lair:4   | Noticed Josephine
 14848 | Lair:4   | Killed Josephine
 15154 | Lair:4   | Found a transporter.
 15815 | Lair:5   | Found a staircase to the Slime Pits.
 16255 | Lair:6   | Entered Level 6 of the Lair of Beasts
 16414 | Lair:6   | Reached ****** piety under Trog
 16970 | Lair:6   | Noticed Urug
 16987 | Lair:6   | Received a gift from Trog
 17023 | Lair:6   | Killed Urug
 17500 | Lair:6   | Got a jewelled helmet
 17511 | Lair:6   | Identified the +2 helmet "Liluanoc" {+Blink MR+ Regen+}
                  | (You found it on level 6 of the Lair of Beasts)
 17706 | Lair:6   | Got a wavering brass amulet
 17954 | Lair:4   | Killed Ishrid's ghost
 17954 | Lair:4   | Reached skill level 1 in Evocations
 17954 | Lair:4   | Reached XP level 15. HP: 106/106 MP: 12/15
 18138 | Orc:1    | Entered Level 1 of the Orcish Mines
 18536 | Orc:2    | Entered Level 2 of the Orcish Mines
 18643 | Orc:2    | Found a staircase to the Elven Halls.
 18790 | Orc:1    | Received a gift from Trog
 19247 | Orc:2    | Found Noemavom's Antique Armour Boutique.
 19248 | Orc:2    | Found Noet's Book Boutique.
 19269 | Orc:2    | Found Pasoit's Antique Weapon Emporium.
 19278 | Orc:2    | Found Qyesmib's Food Shop.
 19287 | Orc:2    | Bought a ration for 70 gold pieces
 19287 | Orc:2    | Bought a ration for 70 gold pieces
 19287 | Orc:2    | Bought a ration for 70 gold pieces
 19287 | Orc:2    | Bought a ration for 70 gold pieces
 19287 | Orc:2    | Bought a ration for 70 gold pieces
 19287 | Orc:2    | Bought a ration for 70 gold pieces
 19287 | Orc:2    | Bought a ration for 70 gold pieces
 19287 | Orc:2    | Bought a ration for 70 gold pieces
 19287 | Orc:2    | Bought a ration for 70 gold pieces
 19329 | Orc:2    | Noticed an orc warlord
 19414 | Orc:1    | Killed an orc warlord
 19872 | D:13     | Found Bawi's Gadget Emporium.
 19900 | D:13     | Bought a lightning rod (4/4) for 600 gold pieces
 19900 | D:13     | Bought a wand of acid (7) for 330 gold pieces
 19932 | D:13     | Identified the amulet "Vunaen" {Spirit rPois} (You found it
                  | on level 6 of the Lair of Beasts)
 20171 | D:13     | Found a glowing silver altar of Zin.
 20172 | D:13     | Found a runed door.
 20172 | D:13     | Noticed a daeva
 20237 | D:14     | Found a gate to the Vaults.
 21166 | D:14     | Found an opulent altar of Gozag.
 21175 | D:14     | Received a gift from Trog
 21189 | D:14     | Reached skill level 1 in Crossbows
 21278 | D:14     | Noticed Frances
 21297 | D:14     | Killed Frances
 21365 | D:14     | Reached XP level 16. HP: 110/114 MP: 19/19
 21758 | D:14     | Found a stormy altar of Qazlal.
 21827 | D:15     | Entered Level 15 of the Dungeon
 21948 | D:15     | Reached skill level 5 in Evocations
 21988 | D:15     | Found Heschogism's Weapon Shop.
 22286 | D:15     | Received a gift from Trog
 22482 | D:15     | Found a portal to a secret trove of treasure.
 22590 | D:15     | Found a staircase to the Depths.
 23009 | Swamp:1  | Entered Level 1 of the Swamp
 24609 | Swamp:3  | Received a gift from Trog
 24874 | Swamp:3  | Reached XP level 17. HP: 122/122 MP: 21/21
 25315 | Swamp:4  | Entered Level 4 of the Swamp
 25336 | Swamp:4  | Reached skill level 5 in Crossbows
 25898 | Swamp:4  | Noticed the 27-headed Lernaean hydra
 26028 | Swamp:3  | Killed the 27-headed Lernaean hydra
 26102 | Swamp:4  | Received a gift from Trog
 26245 | Swamp:4  | Got a decaying rune of Zot
 26754 | Spider:1 | Entered Level 1 of the Spider Nest
 27531 | Spider:1 | Received a gift from Trog
 27755 | Spider:2 | Reached XP level 18. HP: 129/129 MP: 22/22
 27799 | Spider:2 | Noticed Arachne
 27824 | Spider:2 | Killed Arachne
 27858 | Spider:2 | Reached XP level 19. HP: 118/135 MP: 23/23
 28043 | Spider:2 | Received a gift from Trog
 30182 | Spider:4 | Entered Level 4 of the Spider Nest
 30227 | Spider:3 | Upgraded the game from 0.22.1-1-ga44c0e5 to
                  | 0.22.1-2-g9c5b331
 30392 | Spider:4 | Received a gift from Trog
 31301 | Spider:4 | Got a gossamer rune of Zot
 31877 | Elf:1    | Entered Level 1 of the Elven Halls
 31897 | Elf:1    | Received a gift from Trog
 31969 | Elf:1    | Reached XP level 20. HP: 125/144 MP: 22/24
 32122 | Elf:1    | Received a gift from Trog
 32275 | Elf:1    | Received a gift from Trog
 32410 | Elf:1    | Got a fine arbalest {god gift}
 32411 | Elf:1    | Identified the +10 arbalest of Beyond {velocity, rPois rN+
                  | Dex+3} (Trog gifted it to you on level 1 of the Elven
                  | Halls)
 32455 | Elf:1    | Found Zehuast's Antique Armour Emporium.
 32572 | Elf:1    | Found Kucul's Assorted Antiques.
 33067 | Elf:2    | Found a runed gate.
 33067 | Elf:2    | Found a runed gate.
 33067 | Elf:2    | Found a runed gate.
 33111 | Elf:2    | Received a gift from Trog
 33135 | Elf:2    | Found a radiant altar of Vehumet.
 33275 | Elf:2    | Found a frozen archway.
 33281 | IceCv    | Entered an ice cave
 33980 | IceCv    | Got a slimy ivory ring
 33985 | IceCv    | Identified the ring of Veqijais {Ice rElec Str+2} (You
                  | found it in an ice cave)
 34202 | Elf:2    | Found Xaickazu's Jewellery Shoppe.
 34210 | Elf:2    | Bought the ring of Ceov {rElec rPois rC+ SInv Stlth-} for
                  | 525 gold pieces
 34210 | Elf:2    | Bought the amulet of Vitality {Regen+ HP+15} for 948 gold
                  | pieces
 34210 | Elf:2    | Found the amulet of Vitality {Regen+ HP+15}
 34248 | Elf:3    | Entered Level 3 of the Elven Halls
 34343 | Elf:2    | Received a gift from Trog
 34344 | Elf:2    | Noticed Azrael
 34394 | Elf:2    | Killed Azrael
 34402 | Elf:1    | Received a gift from Trog
 34753 | Elf:2    | Reached skill level 10 in Crossbows
 35301 | Elf:2    | Received a gift from Trog
 35550 | Vaults:1 | Entered Level 1 of the Vaults
 35625 | Depths:1 | Entered Level 1 of the Depths
 36021 | Vaults:1 | Reached XP level 21. HP: 151/151 MP: 25/25
 36487 | Vaults:1 | Received a gift from Trog
 37087 | Vaults:1 | Got a smoking emerald amulet
 37088 | Vaults:1 | Identified the amulet "Biroutuypi" {Gourm +Inv} (You found
                  | it on level 1 of the Vaults)
 37903 | Vaults:2 | Received a gift from Trog
 38100 | Vaults:2 | Got a steaming jade amulet
 38685 | Vaults:2 | Noticed Saint Roka
 38708 | Vaults:2 | Killed Saint Roka
 38708 | Vaults:2 | Received a gift from Trog
 38741 | Vaults:2 | Reached XP level 22. HP: 105/158 MP: 26/26
 39411 | Vaults:3 | Received a gift from Trog
 39583 | Vaults:3 | Received a gift from Trog
 39895 | Vaults:3 | Found an opulent altar of Gozag.
 40677 | Vaults:3 | Identified the amulet of Tostot {RegenMP rPois rF++ Dex-3
                  | Stlth+} (You took it off a yaktaur on level 2 of the
                  | Vaults)
 40773 | Vaults:3 | Received a gift from Trog
 40898 | Vaults:3 | Received a gift from Trog
 40942 | Vaults:3 | Found a staircase to the Crypt.
 41368 | Depths:1 | Received a gift from Trog
 41585 | Depths:1 | Reached skill level 15 in Armour
 41585 | Depths:1 | Reached XP level 23. HP: 165/165 MP: 27/27
 41634 | Depths:1 | Received a gift from Trog
 41682 | Depths:1 | Received a gift from Trog
 41797 | Depths:1 | Found a gateway to Hell.
 41927 | Depths:1 | Found a corrupted altar of Lugonu.
 42140 | Depths:2 | Received a gift from Trog
 42282 | Depths:2 | Noticed Asterion
 42295 | Depths:2 | Killed Asterion
 42694 | Depths:2 | Found Oxzaterr's Jewellery Shop.
 42694 | Depths:2 | Found Weziejux's Gadget Shoppe.
 42721 | Depths:2 | Found Wiutius's Gadget Shoppe.
 42898 | Depths:2 | Found a gateway to a ziggurat.
 42974 | Depths:2 | Received a gift from Trog
 43490 | Depths:2 | Got a bound platinum ring
 43491 | Depths:2 | Identified the Collected Works on Lucky Contamination
 43642 | Depths:2 | Received a gift from Trog
 43716 | Depths:2 | Identified the ring "Jeopt" {+Fly rN+} (You found it on
                  | level 2 of the Depths)
 43898 | Depths:3 | Noticed Jory
 43914 | Depths:3 | Killed Jory
 43967 | Depths:3 | Noticed Xtahua
 43985 | Depths:3 | Killed Xtahua
 43985 | Depths:3 | Reached skill level 15 in Crossbows
 44404 | Depths:3 | Reached XP level 24. HP: 173/173 MP: 27/27
 44408 | Depths:3 | Received a gift from Trog
 44502 | Depths:3 | Noticed a greater mummy
 44515 | Depths:3 | Killed a greater mummy
 44546 | Depths:3 | Noticed a greater mummy
 44557 | Depths:3 | Killed a greater mummy
 44575 | Depths:3 | Noticed a greater mummy
 44609 | Depths:3 | Killed a greater mummy
 44618 | Depths:3 | Found the +7 sceptre of Torment
 44760 | Depths:3 | Found a one-way gate leading to the halls of Pandemonium.
 44906 | Depths:4 | Noticed Margery
 44921 | Depths:4 | Killed Margery
 45135 | Depths:4 | Noticed Frederick
 45146 | Depths:4 | Killed Frederick
 45235 | Depths:4 | Reached skill level 1 in Stealth
 45311 | Depths:4 | Found a one-way gate to the infinite horrors of the Abyss.
 45372 | Depths:4 | Got a flickering copper ring
 45373 | Depths:4 | Identified the ring of Uppuemp {MR+ Dex+5 Slay+2} (You
                  | found it on level 4 of the Depths)
 45422 | Depths:4 | Noticed Sojobo
 45463 | Depths:4 | Killed Sojobo
 45641 | Depths:4 | Found a hazy altar of Hepliaklqana.
 45683 | Depths:4 | Received a gift from Trog
 45742 | Depths:4 | Got an ancient granite ring
 45743 | Depths:4 | Identified the ring "Vonawk" {rCorr Slay+2 Stlth+} (You
                  | found it on level 4 of the Depths)
 45807 | Depths:4 | Noticed a caustic shrike
 45814 | Depths:4 | Killed a caustic shrike
 45859 | Depths:4 | Got a scintillating lapis lazuli ring
 45860 | Depths:4 | Identified the ring of Winter {rPois MR+ Str-5 Stlth-} (You
                  | found it on level 4 of the Depths)
 46059 | Depths:4 | Got a faintly glowing ivory ring
 46080 | Depths:4 | Found the +10 morningstar "Eos" {elec, Halo rElec}
 46146 | Depths:5 | Entered Level 5 of the Depths
 46166 | Depths:5 | Cast into level 4 of the Abyss (spriggan defender)
 46180 | Depths:5 | Escaped the Abyss
 46195 | Depths:5 | Reached XP level 25. HP: 180/180 MP: 27/27
 46369 | Depths:5 | Found a runed door.
 46388 | Depths:5 | Received a gift from Trog
 47173 | Depths:5 | Reached skill level 5 in Stealth
 47176 | Depths:5 | Received a gift from Trog
 47292 | Depths:5 | Found a gate to the Realm of Zot.
 48241 | Elf:3    | Received a gift from Trog
 48668 | Elf:3    | Found a roughly hewn altar of Beogh.
 49727 | Vaults:4 | Received a gift from Trog
 49995 | Vaults:4 | Identified the ring "Pujemuq" {MR+ Int+3 Slay+3 Stlth+}
                  | (You took it off a spriggan rider on level 4 of the Depths)
 50196 | Vaults:4 | Received a gift from Trog
 50196 | Vaults:4 | Reached XP level 26. HP: 167/188 MP: 27/27
 50352 | Vaults:5 | Entered Level 5 of the Vaults
 50471 | Vaults:5 | Noticed an ancient lich
 50496 | Vaults:5 | Killed an ancient lich
 50728 | Vaults:5 | Received a gift from Trog
 51167 | Vaults:5 | Got a bloodstained scale mail
 51178 | Vaults:5 | Identified the +1 scale mail of Muqoeq {rElec rC+ Str+3}
                  | (You found it on level 5 of the Vaults)
 51192 | Vaults:5 | Noticed an ancient lich
 51197 | Vaults:5 | Killed an ancient lich
 51235 | Vaults:5 | Got dazzling acid dragon scales
 51246 | Vaults:5 | Identified the +2 acid dragon scales of Fuogy {-Cast +Fly
                  | rPois rCorr Str+10} (You found it on level 5 of the Vaults)
 51347 | Vaults:5 | Received a gift from Trog
 51535 | Vaults:5 | Noticed an ancient lich
 51542 | Vaults:5 | Killed an ancient lich
 51542 | Vaults:5 | Received a gift from Trog
 51705 | Vaults:5 | Reached XP level 27. HP: 196/196 MP: 27/27
 51906 | Vaults:5 | Got a silver rune of Zot
 52577 | Zot:1    | Entered Level 1 of the Realm of Zot
 52848 | Zot:1    | Reached skill level 10 in Stealth
 53180 | Zot:1    | Received a gift from Trog
 53918 | Zot:2    | Received a gift from Trog
 54223 | Zot:2    | Received a gift from Trog
 54335 | Zot:2    | Reached skill level 27 in Fighting
 54664 | Zot:2    | Received a gift from Trog
 55164 | Zot:3    | Noticed an orb of fire
 55167 | Zot:3    | Gained mutation: You are clumsy. (Dex -2) [an orb of fire]
 55169 | Zot:3    | Gained mutation: Your magical capacity is low. (-10% MP)
                  | [an orb of fire]
 55181 | Zot:3    | Gained mutation: Potions are less effective at restoring
                  | your health. [an orb of fire]
 55184 | Zot:3    | Killed an orb of fire
 55416 | Zot:3    | Received a gift from Trog
 55901 | Zot:3    | Reached skill level 27 in Unarmed Combat
 56240 | Zot:4    | Received a gift from Trog
 56549 | Zot:4    | Received a gift from Trog
 57039 | Zot:5    | Entered Level 5 of the Realm of Zot
 57089 | Zot:5    | Reached skill level 5 in Dodging
 57403 | Zot:5    | Received a gift from Trog
 57513 | Zot:5    | Noticed an orb of fire
 57527 | Zot:5    | Killed an orb of fire
 57787 | Zot:5    | Noticed an orb of fire
 57791 | Zot:5    | Gained mutation: Your spells are a little easier to cast,
                  | but a little less powerful. [an orb of fire]
 57795 | Zot:5    | Noticed an ancient lich
 57805 | Zot:5    | Killed an orb of fire
 57815 | Zot:5    | Killed an ancient lich
 57822 | Zot:5    | HP: 9/214 [black draconian/glaive (5)]
 57823 | Zot:5    | HP: 2/214 [black draconian/bolt of lightning (9)]
 57824 | Zot:5    | Noticed an orb of fire
 57825 | Zot:5    | Killed from afar by a purple draconian

Skill      XL: |  1  2  3  4  5  6  7  8  9 10 11 12 13 14 15 16 17 18 19 20 21 22 23 24 25 26 27 |
---------------+----------------------------------------------------------------------------------+-----
Unarmed Combat | 4 5 6 8 9 11 12 13 15 16 17 18 20 21 22 23 24 25 27 | 27.0
Armour         | 3 4 5 6 7 8 9 10 12 13 14 15 16 17 21 | 21.9
Fighting       | 4 5 7 9 11 12 14 15 16 18 19 20 21 22 23 24 25 26 27 | 27.0
Evocations     | 1 4 6 |  6.2
Crossbows      | 1 4 6 8 10 12 13 15 16 17 18 | 18.0
Stealth        | 4 7 9 10 | 10.4
Dodging        | 7 |  7.1

Action                   |  1- 3 |  4- 6 |  7- 9 | 10-12 | 13-15 | 16-18 | 19-21 | 22-24 | 25-27 || total
-------------------------+-------+-------+-------+-------+-------+-------+-------+-------+-------++-------
Melee: Unarmed           |   130 |   174 |   333 |   895 |  1579 |   948 |  1506 |  1314 |  1119 ||  7998
       Punch             |     2 |     4 |    13 |    39 |    89 |    89 |   122 |   162 |   158 ||   678
       Arbalest          |       |       |       |       |       |     1 |       |       |       ||     1
 Fire: Arbalest          |       |       |       |       |    10 |    64 |   337 |   434 |   815 ||  1660
       Triple crossbow   |       |       |       |       |       |    80 |    97 |       |       ||   177
Invok: Berserk           |     1 |     2 |     3 |     2 |     8 |     4 |       |     1 |     1 ||    22
       Trog's Hand       |       |       |     1 |     4 |     4 |     1 |    12 |     6 |    11 ||    39
       Brothers in Arms  |       |       |       |       |       |       |     5 |     3 |     4 ||    12
 Abil: Fly               |       |       |       |       |     1 |       |       |       |       ||     1
Evoke: Wand              |       |       |       |     3 |       |       |     1 |       |       ||     4
  Use: Scroll            |     4 |     3 |    10 |     9 |    15 |     9 |    12 |    10 |    11 ||    83
       Potion            |       |       |       |       |     3 |     1 |     1 |     3 |    10 ||    18
 Stab: Sleeping          |     1 |       |       |       |       |       |       |     5 |     4 ||    10
       Confused          |       |       |       |       |     1 |       |       |       |       ||     1
       Distracted        |       |       |       |       |       |       |     3 |       |       ||     3
  Eat: Chunk             |     3 |     5 |    11 |    23 |    34 |    16 |    29 |    26 |    28 ||   175
       Ration            |       |       |     1 |     1 |     2 |     3 |     4 |     1 |     4 ||    16
Armor: Leather armour    |    21 |       |       |       |       |       |       |       |       ||    21
       Ring mail         |    43 |    84 |   154 |   100 |       |       |       |       |       ||   381
       Chain mail        |       |       |       |   198 |       |       |       |       |       ||   198
       Plate armour      |       |       |       |   240 |  1345 |  1062 |  1418 |   669 |       ||  4734
       Shadow dragon sca |       |       |       |       |       |       |       |   148 |  1076 ||  1224
Dodge: Dodged            |    90 |    98 |   171 |   388 |  1067 |   700 |   791 |   548 |   393 ||  4246
Block: Other             |       |       |       |   109 |   100 |       |       |       |       ||   209
       Reflection        |       |       |       |     5 |     5 |       |       |       |       ||    10
